 Dungeon Crawl Stone Soup version 0.23.1 (webtiles) character file.

Game seed: 2571713522863192571

36800 Chiseanne the Blocker (level 13, -7/92 HPs)
             Began as an Octopode Monk on Mar 3, 2019.
             Was an Initiate of Gozag.
             Mangled by a death yak (17 damage)
             ... on level 6 of the Lair of Beasts.
             The game lasted 01:14:58 (23046 turns).

Chiseanne the Blocker (Octopode Monk)              Turns: 23046, Time: 01:14:58

Health: -7/92      AC:  1    Str: 15    XL:     13   Next: 92%
Magic:  0/24       EV: 19    Int: 13    God:    Gozag
Gold:   760        SH: 22    Dex: 18    Spells: 27/27 levels left

rFire    . . .     SeeInvis +   a - +8 morningstar of the Sage {drain, MR+}
rCold    . . .     Gourm    .   f - +4 large shield
rNeg     . . .     Faith    .   (helmet restricted)
rPois    .         Spirit   +   m - amulet of guardian spirit
rElec    .         Reflect  .   t - ring of flight
rCorr    .         Harm     .   z - +4 ring of strength
MR       +....                  D - ring of stealth
Stlth    +++++.....             V - ring of see invisible
HPRegen  0.25/turn              (no ring)
MPRegen  0.19/turn              (no ring)
                                (no ring)
                                (no ring)

@: about to teleport, gold aura
A: almost no armour, stealthy swim, amphibious, 8 rings, constrict 8, camouflage
1, gelatinous body 1
a: Potion Petition, Call Merchant, Bribe Branch, Renounce Religion, Evoke Flight


You were on level 6 of the Lair of Beasts.
You worshipped Gozag.
Gozag was pleased with you.
You were not hungry.

You visited 4 branches of the dungeon, and saw 21 of its levels.
You also visited: Bailey.

You collected 6613 gold pieces.
You spent 2439 gold pieces at shops.
You paid 3414 gold pieces to Gozag.

Inventory:

Hand Weapons
 a - the +8 morningstar of the Sage (weapon) {drain, MR+}
   (You bought it in a shop on level 11 of the Dungeon)

   A truly terrible weapon, it drains the life of those it strikes.
   It affects your resistance to hostile enchantments.
 s - a +0 hand axe of venom
 v - a +4 scimitar of flaming
 w - the +9 hunting sling of Dithmenos's Envy {venom, rN+}
   (You bought it in a shop on level 10 of the Dungeon)

   It poisons the ammo it fires.
   It protects you from negative energy.
 B - a +2 scimitar of draining
 J - a +0 blowgun
 L - the +4 dagger "Morg" {pain, MR+ Int+5}
   (You found it in a bailey)

   In the hands of one skilled in necromantic magic, it inflicts extra damage on
   living creatures.
   It affects your intelligence (+5).
   It affects your resistance to hostile enchantments.
Missiles
 e - 27 tomahawks
 h - 6 javelins
 i - 117 sling bullets
 l - 50 tomahawks of returning
 p - a steel javelin (quivered)
 q - 110 bolts
 y - 12 poisoned needles
 I - 5 curare-tipped needles
Armour
 f - a +4 large shield (worn)
Magical Staves
 O - an uncursed staff of power
Jewellery
 m - an amulet of guardian spirit (around mantle)
 t - a ring of flight (left tentacle)
 x - an uncursed ring of fire
 z - a +4 ring of strength (right tentacle)
 D - a ring of stealth (on tentacle)
 V - a ring of see invisible (on tentacle)
Wands
 c - a wand of flame (34)
 o - a wand of iceblast (14)
 C - a wand of disintegration (6)
 K - a wand of polymorph (10)
 N - a wand of paralysis (27)
 W - a wand of digging (4)
Scrolls
 d - a scroll of fear
 j - 2 scrolls of remove curse
 r - 2 scrolls of fog
 A - 2 scrolls of identify
 E - 4 scrolls of magic mapping
 M - a scroll of amnesia
 P - 2 scrolls of teleportation
 S - 2 scrolls of enchant weapon
 U - a scroll of enchant armour
Potions
 g - a potion of berserk rage
 k - 2 potions of mutation
 n - 7 potions of brilliance
 u - 4 potions of flight
 F - 3 potions of heal wounds
 G - 2 potions of curing
 H - a potion of magic
 R - a potion of might
 X - a potion of agility
Miscellaneous
 T - a lamp of fire
Comestibles
 b - 8 rations


   Skills:
 - Level 10.1 Fighting
 - Level 3.0(3.7) Axes
   Level 3.4(4.0) Polearms
 * Level 10.2 Slings
 - Level 10.1 Dodging
 - Level 6.0 Stealth
 * Level 12.9 Shields
 - Level 7.8 Spellcasting


You had 27 spell levels left.
You didn't know any spells.
Your spell library contained the following spells:

 Spells                   Type           Power        Failure   Level  Hunger
 Beastly Appendage        Tmut           #.....       54%         1    None
 Confusing Touch          Hex            #.....       54%         1    None
 Shock                    Conj/Air       #...         54%         1    None
 Sting                    Conj/Pois      #...         54%         1    None
 Summon Small Mammal      Summ           #...         54%         1    None
 Call Imp                 Summ           #.......     69%         2    None
 Sticks to Snakes         Tmut           #.......     69%         2    None
 Swiftness                Chrm/Air       #.......     69%         2    None
 Call Canine Familiar     Summ           #.......     89%         3    ##.....
 Confuse                  Hex            #.......     89%         3    ##.....
 Gell's Gravitas          Tloc           #.........   89%         3    ##.....
 Ignite Poison            Fire/Tmut/Pois #.......     89%         3    ##.....
 Inner Flame              Hex/Fire       #.......     89%         3    ##.....
 Portal Projectile        Hex/Tloc       #.....       89%         3    ##.....
 Spider Form              Tmut/Pois      #.........   89%         3    ##.....
 Static Discharge         Conj/Air       #.......     89%         3    ##.....
 Summon Guardian Golem    Hex/Summ       #.......     89%         3    ##.....
 Airstrike                Air            #.........   100%        4    ####...
 Ice Form                 Ice/Tmut       #.......     100%        4    ####...
 Petrify                  Tmut/Erth      #.......     100%        4    ####...
 Summon Ice Beast         Ice/Summ       #.......     100%        4    ####...
 Summon Lightning Spire   Summ/Air       #.......     100%        4    ####...
 Blade Hands              Tmut           #.........   100%        5    #####..
 Bolt of Magma            Conj/Fire/Erth #.........   100%        5    #####..
 Iskenderun's Battlesphe  Conj/Chrm      #.......     100%        5    #####..
 Lightning Bolt           Conj/Air       #.........   100%        5    #####..
 Metabolic Englaciation   Hex/Ice        #.........   100%        5    #####..
 Venom Bolt               Conj/Pois      #.........   100%        5    #####..
 Yara's Violent Unravell  Hex/Tmut       #.........   100%        5    #####..
 Iron Shot                Conj/Erth      #.........   100%        6    #######
 Orb of Destruction       Conj           #.........   100%        7    #######
 Spellforged Servitor     Conj/Summ      #.........   100%        7    #######


Dungeon Overview and Level Annotations

Branches:
Dungeon (12/15)            Temple (1/1) D:5            Lair (6/6) D:11
  Swamp (0/4) Lair:2       Spider (0/4) Lair:3        Slime (0/5) Lair:6
    Orc (2/2) D:11
    Elf: Orc:2

Altars:
Cheibriados
Dithmenos
Elyvilon
Fedhas
Gozag
Makhleb
Okawaru
Qazlal
Ru
Sif Muna
Trog
Uskayaw
Yredelemnul
The Shining One

Shops:
D:8 (   D:10 (   D:11 *(   D:12 [[   Lair:3 =

Annotations:
D:10 1 runed translucent door, wont's ghost, journeyman OgWz
D:12 Erolcha; Frances; Rupert
Lair:1 3 runed translucent doors, exclusion: 4 oklob plants, martbhell's ghost, journeyman TrMo
Lair:3 2 transporters, LabCoat's ghost, journeyman HOFi
Lair:6 exclusion: door
Orc:2 Snorg


Innate Abilities, Weirdness & Mutations

You cannot wear most types of armour.
You are very stealthy in the water. (Stealth+)
You are amphibious.
You can wear up to eight rings at the same time.
You can use your tentacles to constrict eight enemies at once.
Your skin changes colour to match your surroundings (Stealth+).
Your rubbery body absorbs attacks. (AC +1, EV +1)


Message History

The death yak is almost dead.
You block the death yak's attack.
You bludgeon the death yak!!
You kill the death yak!
Your lamp of fire has recharged.
The death yak gores you!!
* * * LOW HITPOINT WARNING * * *
The death yak becomes distracted by the nearby gold, dreaming of imaginary riches.
The death yak bellows!
As you read the scroll of fear, it crumbles to dust.
You assume a fearsome visage.
The death yak looks frightened!
The death yak easily resists.
The death yak is no longer distracted by gold.
You block the death yak's attack.
The death yak becomes distracted by the nearby gold, dreaming of imaginary riches.
As you read the scroll of teleportation, it crumbles to dust.
You feel strangely unstable.
The death yak is no longer distracted by gold.
The death yak gores you!!
You die...
Your body crumbles into a pile of gold.

....##.Y.##
#..÷.#...#.#
..8.##PY.#.#
8...#....#.#
#...##.# $
..... #.#
.Y..P# #Y#
÷...# #Y# .
#@# # ###


You could see 2 death yaks.

Vanquished Creatures
  A minotaur (Bailey)
  Josephine (Lair:5)
  Erica (Orc:1)
  An alligator (Lair:6)
  A death knight (D:10)
  A centaur warrior (D:10)
  4 hydras
  2 death yaks (Lair:6)
  Urug (D:10)
  Sonja (Lair:1)
  An unseen horror (D:12)
  An oklob plant (Lair:5)
  Psyche (D:8)
  Joseph (D:8)
  5 black mambas
  An elephant (Lair:6)
  A torpor snail (Lair:6)
  2 centaur skeletons (D:10)
  10 spiny frogs
  A rime drake (Lair:1)
  9 komodo dragons
  A polar bear (Lair:6)
  2 trolls
  8 blink frogs
  5 hippogriffs
  Sigmund (D:2)
  5 wraiths (Lair:5)
  A steam dragon (Lair:3)
  2 wyverns
  24 yaks
  3 wargs
  9 water moccasins
  7 orc warriors
  5 porcupines
  2 ice beasts
  3 sky beasts
  2 necrophages
  4 black bears
  11 ogres
  An eye of draining (D:10)
  A phantom (D:12)
  13 wolves
  4 centaurs
  11 crocodiles
  A big kobold (D:10)
  7 bullfrogs
  A gnoll sergeant (D:6)
  3 scorpions
  A wight (D:10)
  5 killer bees (D:10)
  6 howler monkeys
  5 crimson imps
  2 electric eels (Lair:5)
  3 bullfrog zombies
  A centaur zombie (D:10)
  A gnoll shaman (D:5)
  A quasit (D:9)
  3 bullfrog skeletons
  7 hounds
  5 jellies
  6 orc priests
  Crazy Yiuf (D:6)
  5 iguanas
  7 orc wizards
  18 worker ants
  2 hound skeletons
  A howler monkey zombie (D:6)
  A worker ant zombie (D:10)
  9 gnolls
  11 adders
  A shadow imp (D:7)
  2 oozes (D:2)
  An adder zombie (D:7)
  3 adder skeletons
  5 worms
  A dart slug (D:2)
  8 leopard geckos
  32 orcs
  2 ball pythons
  7 giant cockroaches
  10 goblins
  6 hobgoblins
  3 jackals (D:8)
  3 quokkas
  6 bats
  3 frilled lizards
  A jackal skeleton (D:6)
  18 kobolds
  A leopard gecko skeleton (D:4)
  A quokka skeleton (D:5)
  4 rats
  A bush (Lair:5)
  3 fungi (Lair:5)
  6 plants
413 creatures vanquished.

Vanquished Creatures (collateral kills)
  An ugly thing (D:10)
  2 wargs (D:10)
  A bullfrog zombie (D:10)
4 creatures vanquished.

Vanquished Creatures (others)
  An orc priest (Orc:1)
  An orc wizard (D:12)
  A bush (Lair:6)
  15 fungi
  17 plants
35 creatures vanquished.

Grand Total: 452 creatures vanquished

Notes
Turn   | Place    | Note
-------+----------+-------------------------------------------
     0 | D:1      | Chiseanne the Octopode Monk began the quest for the Orb.
     0 | D:1      | Reached XP level 1. HP: 16/16 MP: 1/1
    41 | D:1      | Reached XP level 2. HP: 19/21 MP: 2/2
   726 | D:2      | Reached XP level 3. HP: 18/26 MP: 3/3
   902 | D:2      | Found a stormy altar of Qazlal.
   923 | D:2      | Found a shadowy altar of Dithmenos.
  1038 | D:2      | Noticed Sigmund
  1050 | D:2      | Killed Sigmund
  1050 | D:2      | Reached skill level 5 in Stealth
  1050 | D:2      | Reached XP level 4. HP: 12/33 MP: 4/4
  1050 | D:2      | Reached XP level 5. HP: 13/37 MP: 5/5
  1664 | D:3      | Reached XP level 6. HP: 23/44 MP: 6/6
  2943 | D:5      | Entered Level 5 of the Dungeon
  2946 | D:5      | Noticed a black bear
  2952 | D:5      | Killed a black bear
  2952 | D:5      | Reached skill level 5 in Fighting
  2952 | D:5      | Reached skill level 5 in Dodging
  2952 | D:5      | Reached skill level 1 in Shields
  2952 | D:5      | Reached skill level 1 in Spellcasting
  2952 | D:5      | Reached XP level 7. HP: 21/50 MP: 3/8
  3034 | D:5      | Noticed a hippogriff
  3434 | D:5      | Reached skill level 2 in Shields
  3947 | D:5      | Reached XP level 8. HP: 29/56 MP: 6/11
  4136 | D:5      | Found a staircase to the Ecumenical Temple.
  4150 | Temple   | Entered the Ecumenical Temple
  4165 | Temple   | Became a worshipper of Gozag Ym Sagoz the Greedy
  4340 | D:5      | Found a blossoming altar of Fedhas.
  4403 | D:5      | Reached skill level 3 in Shields
  4750 | D:5      | Found a deep blue altar of Sif Muna.
  5567 | D:6      | Reached skill level 4 in Shields
  5597 | D:6      | Found a runed translucent door.
  5600 | D:6      | Noticed Crazy Yiuf
  5603 | D:6      | Killed Crazy Yiuf
  5844 | D:7      | Reached XP level 9. HP: 38/63 MP: 10/14
  6149 | D:7      | You fall through a shaft for 3 floors!
  6149 | D:10     | Entered Level 10 of the Dungeon
  6614 | D:8      | Reached skill level 5 in Shields
  6702 | D:8      | Noticed Psyche
  7426 | D:8      | Killed Psyche
  7426 | D:8      | Reached skill level 5 in Spellcasting
  7611 | D:8      | Reached XP level 10. HP: 25/72 MP: 5/17
  7625 | D:8      | Reached skill level 6 in Shields
  8027 | D:8      | Noticed Joseph
  8037 | D:8      | Killed Joseph
  8348 | D:8      | Found a sacrificial altar of Ru.
  8349 | D:8      | Found a basalt altar of Yredelemnul.
  8349 | D:8      | Found a snail-covered altar of Cheibriados.
  9633 | D:9      | Reached skill level 7 in Shields
  9976 | D:8      | Bought a +5 trident of freezing for 466 gold pieces
 10548 | D:10     | Noticed a centaur warrior
 10550 | D:10     | Reached XP level 11. HP: 80/80 MP: 21/21
 10557 | D:10     | Killed a centaur warrior
 10792 | D:10     | Noticed a purple ugly thing
 10792 | D:10     | Noticed a death knight
 11155 | D:10     | Found a runed translucent door.
 11272 | D:10     | Noticed wont's ghost (journeyman OgWz)
 11335 | D:10     | Found Ikigeta's Magic Scroll Shop.
 11344 | D:10     | Bought a scroll of enchant weapon for 90 gold pieces
 11344 | D:10     | Bought a scroll of identify for 24 gold pieces
 11344 | D:10     | Bought a scroll of blinking for 90 gold pieces
 11344 | D:10     | Bought a scroll of summoning for 114 gold pieces
 11344 | D:10     | Bought a scroll of magic mapping for 42 gold pieces
 11543 | D:10     | Noticed Urug
 11555 | D:10     | Killed Urug
 11555 | D:10     | Reached skill level 8 in Shields
 11710 | D:10     | Killed a death knight
 11808 | D:10     | Killed a purple ugly thing
 12684 | D:11     | Found a staircase to the Orcish Mines.
 12684 | D:11     | Found a flagged portal.
 12698 | Bailey   | Entered a bailey
 12734 | Bailey   | Noticed an orc warlord
 12742 | Bailey   | Found the +4 dagger "Morg" {pain, MR+ Int+5}
 12970 | Bailey   | Found a runed translucent gate.
 12972 | Bailey   | Found a runed translucent gate.
 12975 | Bailey   | Found a runed translucent gate.
 13072 | Bailey   | Noticed a minotaur
 13072 | Bailey   | an orc warlord changed into a minotaur
 13116 | Bailey   | Killed a minotaur
 13347 | Bailey   | Identified 2 scrolls of acquirement
 13412 | D:10     | HP: 2/81 [warg (13)]
 13741 | D:10     | Bought a scroll of enchant armour for 90 gold pieces
 13741 | D:10     | Bought a scroll of magic mapping for 42 gold pieces
 13741 | D:10     | Bought a scroll of vulnerability for 90 gold pieces
 13741 | D:10     | Bought a scroll of blinking for 90 gold pieces
 13752 | D:10     | Bought the +9 hunting sling of Dithmenos's Envy {venom,
                  | rN+} for 580 gold pieces
 13879 | D:11     | Noticed Maurice
 13880 | D:11     | Noticed Maurice
 13880 | D:11     | Maurice changed into Maurice the water moccasin
 13886 | D:11     | Killed Maurice the water moccasin
 13886 | D:11     | Reached skill level 10 in Fighting
 13886 | D:11     | Reached skill level 10 in Dodging
 13900 | D:11     | Found Poxzad's Assorted Antiques.
 13915 | D:11     | Bought a potion of agility for 144 gold pieces
 13941 | D:11     | Found a staircase to the Lair.
 14063 | D:11     | Reached skill level 1 in Slings
 14146 | D:12     | Found Lajif's Armour Shop.
 14250 | D:12     | Killed an unseen horror
 14276 | D:12     | Noticed Rupert
 14616 | D:12     | Found Qaghumni's Antique Armour Boutique.
 14629 | D:12     | Noticed Erolcha
 14643 | D:12     | Noticed Frances
 14651 | D:12     | Reached XP level 12. HP: 77/87 MP: 20/23
 14660 | D:12     | Paralysed by Rupert for 4 turns
 14743 | Orc:1    | Entered Level 1 of the Orcish Mines
 14755 | D:11     | Reached skill level 1 in Polearms
 14755 | D:11     | Reached skill level 9 in Shields
 14929 | Orc:1    | Noticed Erica
 15620 | Orc:1    | Killed Erica
 15877 | Orc:2    | Entered Level 2 of the Orcish Mines
 15908 | Orc:2    | Noticed Snorg
 15937 | D:11     | Bought a pitted long sword for 280 gold pieces
 15937 | D:11     | Identified the +1 long sword of the Hidden Orbs {slice,
                  | -Tele rElec Stlth+} (You bought it in a shop on level 11 of
                  | the Dungeon)
 15996 | Lair:1   | Entered Level 1 of the Lair of Beasts
 16179 | Lair:1   | Noticed Sonja
 16207 | Lair:1   | Killed Sonja
 16524 | Lair:1   | Found a runed translucent gate.
 16551 | Lair:1   | Found a runed translucent gate.
 16620 | D:11     | Bought a fine morningstar for 297 gold pieces
 16625 | D:11     | Identified the +8 morningstar of the Sage {drain, MR+} (You
                  | bought it in a shop on level 11 of the Dungeon)
 16994 | Lair:1   | Reached skill level 10 in Shields
 16999 | Lair:1   | Reached skill level 5 in Slings
 17143 | Lair:1   | Found a runed translucent gate.
 17147 | Lair:1   | Noticed a minotaur
 17149 | Lair:1   | Noticed martbhell's ghost (journeyman TrMo)
 17930 | Lair:2   | Found a staircase to the Swamp.
 17991 | Lair:2   | haldagan: cmon there was an acq scroll
 17995 | Lair:2   | haldagan: do u have some Vands?
 17995 | Lair:2   | Chiseanne: actually there were two of them :) ..another in
                  | a room with a a ghost
 17995 | Lair:2   | Chiseanne: not much..cheap game
 17995 | Lair:2   | Chiseanne: coudlnt get any rings
 17995 | Lair:2   | haldagan: wut?
 17995 | Lair:2   | haldagan: gozag didnt offer ring shops?
 17995 | Lair:2   | Chiseanne: jep..look at my collection of crap lol
 17995 | Lair:2   | Chiseanne: nope
 17995 | Lair:2   | Chiseanne: was hopeing but noooo
 17995 | Lair:2   | Chiseanne: only weapons shops
 18054 | Lair:2   | haldagan: omg
 18057 | Lair:2   | haldagan: another acq
 18058 | Lair:2   | Chiseanne: yay
 18058 | Lair:2   | haldagan: buy a fancy hat
 18058 | Lair:2   | Chiseanne: lets see if we can get some rings finally
 18059 | Lair:2   | haldagan: *acquire
 18068 | Lair:2   | haldagan: NO
 18097 | Lair:2   | haldagan: dont ask for jews if u have a lot of it unid
 18098 | Lair:2   | Chiseanne: meh
 18098 | Lair:2   | Chiseanne: Im always asking for gold whith gozakian
 18098 | Lair:2   | Chiseanne: sometimes you get some thousand
 18154 | Lair:2   | haldagan: lul. u can always earn gold from killing
 18174 | Lair:2   | haldagan: ask for armor
 18189 | Lair:2   | haldagan: it will be either hat or shield
 18189 | Lair:2   | Chiseanne: :)
 18346 | Lair:3   | Noticed a death yak
 18346 | Lair:3   | Noticed LabCoat's ghost (journeyman HOFi)
 18347 | Lair:3   | Found a transporter.
 18359 | Lair:3   | Chiseanne: hmm
 18359 | Lair:3   | Chiseanne: theres the hat you were asking for lol
 18362 | Lair:3   | Found a transporter.
 18473 | Lair:3   | Noticed a five-headed hydra
 18532 | Lair:3   | Reached skill level 11 in Shields
 18689 | Lair:3   | Killed a five-headed hydra
 18689 | Lair:3   | Reached XP level 13. HP: 61/92 MP: 16/24
 18727 | Lair:3   | Found a hole to the Spider Nest.
 18782 | Lair:3   | Chiseanne: ouf..seriously game ?
 20474 | Lair:5   | Reached skill level 12 in Shields
 20536 | Lair:5   | Noticed Josephine
 20548 | Lair:5   | Killed Josephine
 21037 | Lair:6   | Entered Level 6 of the Lair of Beasts
 21612 | Lair:6   | Identified the Almanac of Fetching Contamination
 21646 | Lair:6   | Found a staircase to the Slime Pits.
 21658 | Lair:6   | Noticed a dire elephant
 22912 | Lair:6   | Reached skill level 10 in Slings
 23046 | Lair:6   | Mangled by a death yak

Skill      XL: |  1  2  3  4  5  6  7  8  9 10 11 12 13 |
---------------+----------------------------------------+-----
Stealth        | 3 5 6 |  6.0
Fighting       | 4 5 6 7 9 10 | 10.1
Dodging        | 4 5 6 7 9 10 | 10.1
Shields        | 1 2 4 5 7 8 11 12 | 12.9
Spellcasting   | 1 2 3 5 6 7 |  7.8
Slings         | 2 7 10 | 10.2
Polearms       | 3 |  3.4
Axes           | |  3.0

Action                   |  1- 3 |  4- 6 |  7- 9 | 10-12 | 13-15 || total
-------------------------+-------+-------+-------+-------+-------++-------
Melee: Hand axe          |    39 |    83 |       |       |       ||   122
       Tentacles         |     8 |    17 |    43 |   197 |    65 ||   330
       Constrict         |     7 |    23 |    65 |    88 |    28 ||   211
       Flail             |       |     4 |   239 |   139 |       ||   382
       Trident           |       |       |       |   384 |       ||   384
       Morningstar       |       |       |       |   111 |   268 ||   379
 Fire: Hunting sling     |       |       |       |    19 |    27 ||    46
Throw: Javelin           |       |       |    17 |    12 |     2 ||    31
       Stone             |       |       |     1 |       |       ||     1
       Throwing net      |       |       |     1 |       |       ||     1
       Tomahawk          |       |       |       |     1 |       ||     1
Invok: Call Merchant     |       |       |     1 |     2 |     1 ||     4
Evoke: Wand              |       |       |     2 |    25 |    21 ||    48
       Lamp of fire      |       |       |       |       |     1 ||     1
  Use: Scroll            |     4 |    10 |     9 |    25 |     4 ||    52
       Potion            |     2 |       |     4 |    11 |     2 ||    19
 Stab: Sleeping          |    11 |    11 |    17 |    18 |     5 ||    62
       Distracted        |       |       |     2 |     4 |     5 ||    11
       Paralysed         |       |       |       |     8 |       ||     8
       Confused          |       |       |       |     1 |       ||     1
  Eat: Chunk             |       |     6 |     4 |       |       ||    10
       Ration            |       |       |     5 |    10 |     3 ||    18
Armor: Skin              |     1 |     3 |     6 |    64 |     5 ||    79
Dodge: Dodged            |    19 |    73 |   163 |   314 |   150 ||   719
Block: Large shield      |       |       |   218 |   703 |   319 ||  1240
